 Dungeon Crawl Stone Soup version 0.20.0-15-g7f486f2 (webtiles) character file.

3013 Gargoyl the Cleaver (level 9, -12/78 HPs)
             Began as a White Draconian Abyssal Knight on June 10, 2017.
             Was a Priest of Lugonu.
             Mangled by a two-headed ogre
             ... wielding a +0 giant club
              (27 damage)
             ... on level 8 of the Dungeon on June 13, 2017.
             The game lasted 00:23:11 (10113 turns).

Gargoyl the Cleaver (DrAK)                         Turns: 10113, Time: 00:23:11

Health: -12/78     AC: 14    Str: 13    XL:     9   Next: 55%
Magic:  10/10      EV: 16    Int: 13    God:    Lugonu [***...]
Gold:   229        SH:  0    Dex: 13    Spells: 8/8 levels left

rFire    . . .     SeeInvis .   a - +2 hand axe
rCold    + . .     Gourm    .   (no shield)
rNeg     . . .     Faith    .   (armour unavailable)
rPois    .         Spirit   .   (helmet restricted)
rElec    .         Reflect  .   o - +1 cloak
rCorr    .         Harm     .   g - +2 pair of gloves
MR       .....                  (no boots)
Stlth    ++........             (no amulet)
Regen    0.3/turn               p - +2 ring of protection
MPRegen  0.2/turn               (no ring)

@: no status effects
A: breathe frost, unfitting armour, blurry vision 1, cold resistance 1,
screaming 1, weak 1, cold-blooded, AC +7
a: Breathe Frost, Depart the Abyss, Bend Space, Banish, Renounce Religion


You were on level 8 of the Dungeon.
You worshipped Lugonu.
Lugonu was most pleased with you.
You were not hungry.

You visited 1 branch of the dungeon, and saw 9 of its levels.
You visited the Abyss 1 time.

You collected 324 gold pieces.
You spent 95 gold pieces at shops.

Inventory:

Hand Weapons
 a - a +2 hand axe (weapon)
Missiles
 m - 7 tomahawks (quivered)
Armour
 g - a +2 pair of gloves (worn)
 o - a +1 cloak (worn)
Jewellery
 l - an uncursed ring of ice
 p - a +2 ring of protection (left hand)
Wands
 f - a wand of confusion (29/48)
 t - a wand of paralysis (15/24)
 w - a wand of clouds (2/9)
Scrolls
 e - 6 scrolls of remove curse
 j - 5 scrolls of identify
 k - 3 scrolls of teleportation
 n - 3 scrolls of amnesia
 q - a scroll of fog
 y - a scroll of recharging
Potions
 c - a potion of haste
 d - a potion of curing
Books
 x - a book of Changes

   Spells                             Type                      Level
   a - Beastly Appendage              Transmutation                1
   b - Sticks to Snakes               Transmutation                2
   c - Spider Form                    Transmutation/Poison         3
   d - Ice Form                       Ice/Transmutation            4
   e - Blade Hands                    Transmutation                5
Comestibles
 b - 2 bread rations
 h - 4 meat rations
 i - 9 royal jellies
 r - 8 fruits


   Skills:
 + Level 6.7 Fighting
 + Level 9.3 Axes
 * Level 6.9 Dodging
 * Level 3.6 Stealth
 * Level 2.2 Invocations


You had 8 spell levels left.
You didn't know any spells.

Dungeon Overview and Level Annotations

Branches:
Dungeon (9/15)             Temple (0/1) D:6
   Lair: D:8-11         Orc: D:9-12

Altars:
Ashenzari
Elyvilon
Fedhas
Gozag
Makhleb
Okawaru
Qazlal
Sif Muna
Trog
Uskayaw
Vehumet
The Shining One

Shops:
D:4 *   D:7 %


Innate Abilities, Weirdness & Mutations

You can breathe waves of freezing cold.
You can buffet flying creatures when you breathe cold.
Your icy white scales are hard. (AC +7)
You cannot fit into any form of body armour.
Your flesh is cold resistant. (rC+)
You are cold-blooded and may be slowed by cold attacks.
Scrolls take you a little longer to read.
You occasionally shout uncontrollably at your foes.
You are weak. (Str -2)


Message History

You hit the two-headed ogre but do no damage.
The two-headed ogre is moderately wounded.
The two-headed ogre hits you with a giant club.
The two-headed ogre hits you but does no damage.
You slash the two-headed ogre!
The two-headed ogre is heavily wounded.
You hit the two-headed ogre.
The two-headed ogre is heavily wounded.
The two-headed ogre hits you with a giant club!!
The two-headed ogre hits you with a giant club!
* * * LOW HITPOINT WARNING * * *
Okay, then.
Okay, then.
Unknown command.
Okay, then.
Press: ? - help, Shift-Dir - straight line, f - two-headed ogre
Aim: a two-headed ogre, wielding two giant clubs (heavily wounded, chance to defeat MR: 67%)
You fail to use your ability.
The two-headed ogre closely misses you.
The two-headed ogre hits you with a giant club!!
You die...

###############
............... #@#
#O# ##.#
##########..##
############
......<...#..#
#........[[<
##########...#
#.##[##.....
#...####.##)#######
#####...........#
#......#####.####


You could see a two-headed ogre.

Vanquished Creatures
  3 sky beasts
  4 phantoms
  A black bear (D:6)
  4 centaurs
  Blork the orc (D:4)
  2 bullfrogs
  2 scorpions
  15 killer bees
  3 wights (D:7)
  A crimson imp (D:7)
  4 orc priests
  3 hounds
  2 bullfrog skeletons
  2 iguanas
  Ijyb (D:4)
  6 worker ants
  6 orc wizards
  9 adders
  A shadow imp (D:9)
  An adder skeleton (D:5)
  3 worms
  2 dart slugs
  3 leopard geckos
  30 orcs
  A ball python (D:3)
  8 giant cockroaches
  2 goblins
  6 hobgoblins
  2 jackals (D:6)
  10 kobolds
  4 quokkas
  8 bats
  4 frilled lizards
  A jackal skeleton (D:4)
  A leopard gecko skeleton (D:4)
  A quokka skeleton (D:7)
  6 rats
163 creatures vanquished.

Notes
Turn   | Place    | Note
-------+----------+-------------------------------------------
     0 | Abyss:1  | Gargoyl the Draconian Abyssal Knight began the quest for the Orb.
     0 | Abyss:1  | Reached XP level 1. HP: 19/19 MP: 2/2
    92 | Abyss:1  | Found a corrupted altar of Lugonu.
   149 | Abyss:1  | Noticed a raiju
   157 | D:1      | Escaped the Abyss
   181 | D:1      | Reached * piety under Lugonu
   379 | D:1      | Reached XP level 2. HP: 26/26 MP: 3/3
  1345 | D:2      | Reached XP level 3. HP: 24/33 MP: 4/4
  1659 | D:2      | Reached skill level 3 in Axes
  1856 | D:2      | Found a hide-covered altar of Uskayaw.
  1877 | D:2      | Reached XP level 4. HP: 36/40 MP: 5/5
  1952 | D:2      | Found a white marble altar of Elyvilon.
  2212 | D:3      | Found an iron altar of Okawaru.
  2243 | D:3      | Reached ** piety under Lugonu
  2311 | D:3      | Reached skill level 4 in Axes
  2311 | D:3      | Reached XP level 5. HP: 43/46 MP: 6/6
  2728 | D:3      | Found a blossoming altar of Fedhas.
  2774 | D:3      | Found a radiant altar of Vehumet.
  3573 | D:4      | Noticed Ijyb
  3666 | D:4      | Killed Ijyb
  3666 | D:4      | Reached skill level 1 in Stealth
  3747 | D:4      | Reached XP level 6. HP: 40/53 MP: 7/7
  3764 | D:4      | Found a glowing golden altar of the Shining One.
  3900 | D:4      | Reached skill level 5 in Axes
  3907 | D:4      | Found Qiovvat's Assorted Antiques.
  4016 | D:4      | Bought an iron ring for 95 gold pieces
  4062 | D:4      | Noticed Blork the orc
  4077 | D:4      | Killed Blork the orc
  4390 | D:4      | Your scales start taking on an icy white colour.
  4390 | D:4      | Reached XP level 7. HP: 60/60 MP: 8/8
  4390 | D:4      | Gained mutation: Your flesh is cold resistant. (rC+) [White Draconian growth]
  4797 | D:5      | Entered Level 5 of the Dungeon
  5199 | D:5      | Reached skill level 5 in Fighting
  5199 | D:5      | Reached skill level 6 in Axes
  5410 | D:5      | Found a burning altar of Makhleb.
  5476 | D:5      | Found a shattered altar of Ashenzari.
  5486 | D:5      | Found an opulent altar of Gozag.
  5621 | D:6      | Found a bloodstained altar of Trog.
  5639 | D:6      | Found a deep blue altar of Sif Muna.
  5694 | D:6      | Gained mutation: Your spells are a little easier to cast, but a little less powerful. [mutagenic meat]
  5695 | D:6      | Gained mutation: Your spells are easier to cast, but less powerful. [mutagenic meat]
  5696 | D:6      | Gained mutation: You occasionally shout uncontrollably at your foes. [mutagenic meat]
  5835 | D:6      | Found a staircase to the Ecumenical Temple.
  5946 | D:6      | Reached XP level 8. HP: 66/68 MP: 9/9
  6146 | D:6      | Reached *** piety under Lugonu
  6146 | D:6      | Reached skill level 5 in Dodging
  6200 | D:6      | Reached skill level 7 in Axes
  6626 | D:7      | Reached skill level 8 in Axes
  7096 | D:7      | Lost mutation: Your spells are easier to cast, but less powerful. [mutagenic meat]
  7097 | D:7      | Lost mutation: Your spells are a little easier to cast, but a little less powerful. [mutagenic meat]
  7098 | D:7      | Gained mutation: You are weak. (Str -2) [mutagenic meat]
  7099 | D:7      | Gained mutation: Scrolls take you a little longer to read. [mutagenic meat]
  7137 | D:7      | Found a stormy altar of Qazlal.
  7311 | D:7      | Reached XP level 9. HP: 27/75 MP: 10/10
  7862 | D:7      | Found Utigh's Food Shoppe.
  8696 | D:8      | Reached skill level 9 in Axes
  9334 | D:8      | Noticed a queen bee
 10093 | D:8      | Noticed a two-headed ogre
 10113 | D:8      | Mangled by a two-headed ogre

Skill      XL: |  1  2  3  4  5  6  7  8  9 |
---------------+----------------------------+-----
Fighting       | 4 5 6 |  6.7
Axes           | 3 4 5 6 8 9 |  9.3
Dodging        | 3 4 5 6 |  6.9
Stealth        | 1 2 3 |  3.6
Invocations    | |  2.2

Action                   |  1- 3 |  4- 6 |  7- 9 || total
-------------------------+-------+-------+-------++-------
Melee: Hand axe          |   109 |   252 |   573 ||   934
       Tailslap          |     9 |    30 |    60 ||    99
Invok: Depart the Abyss  |     1 |       |       ||     1
       Banish            |       |       |     1 ||     1
 Abil: Breathe Frost     |       |       |    23 ||    23
  Use: Scroll            |     6 |     6 |     6 ||    18
       Potion            |     2 |     8 |     8 ||    18
 Stab: Invisible         |       |     3 |       ||     3
       Distracted        |       |       |     1 ||     1
       Sleeping          |       |       |     1 ||     1
  Eat: Chunk             |     3 |     8 |    22 ||    33
       Bread ration      |       |       |     2 ||     2
Armor: Skin              |    62 |   121 |   230 ||   413
Dodge: Dodged            |    91 |   176 |   456 ||   723
